 Dungeon Crawl Stone Soup version 0.30-a0-341-g682706514a (webtiles) character file.

Game seed: 13060645233855227511

709 MrRokkomies the Trooper (level 7, -2/64 HPs)
             Began as an Armataur Gladiator on Nov 3, 2022.
             Slain by a mummy (14 damage)
             ... in an ossuary.
             The game lasted 00:08:10 (3000 turns).

MrRokkomies the Trooper (Armataur Gladiator)        Turns: 3000, Time: 00:08:11

Health: -2/64      AC: 10    Str: 20 (22) XL:     7   Next: 40%
Magic:  7/7        EV:  8    Int:  8      God:
Gold:   195        SH:  0    Dex: 11      Spells: 6/6 levels left

rFire   . . .      SeeInvis .    r - +2 short sword (elec)
rCold   . . .      Faith    .    (no shield)
rNeg    + . .      Spirit   .    t - +0 pearl dragon scales
rPois   .          Reflect  .    c - +0 helmet
rElec   .          Harm     .    (no cloak)
rCorr   .          Roll     +    (no gloves)
Will    .....                    (no barding)
Stlth   ..........               (no amulet)
HPRegen 0.30/turn                (no ring)
MPRegen 0.10/turn                (no ring)

@: no status effects
A: large, rugged brown scales 3, deformed body, armoured tail, roll, long
tongue, awkward tongue
a: no special abilities


You were in an ossuary.
You visited 1 branch of the dungeon, and saw 4 of its levels.
You also visited: Sewer and Ossuary.

You collected 195 gold pieces.

Inventory:

Hand Weapons
 a - a +0 quarterstaff
 r - a +2 short sword of electrocution (weapon)
Missiles
 d - a throwing net (quivered)
 e - a javelin
Armour
 b - a +0 leather armour
 c - a +0 helmet (worn)
 l - a +0 plate armour
 n - a +1 ring mail of cold resistance
 o - a +0 helmet
 t - +0 pearl dragon scales (worn)
Jewellery
 g - a ring of protection from cold
 k - a ring of positive energy
Wands
 f - a wand of roots (6)
Scrolls
 h - 3 scrolls of poison
 j - 2 scrolls of identify
 p - a scroll of fear {unknown}
 s - a scroll of amnesia {unknown}
Potions
 i - a potion of curing
 m - a potion of attraction
 q - a potion of degeneration


   Skills:
 * Level 4.7 Fighting
 - Level 2.6 Staves
 * Level 4.6 Throwing
 + Level 3.6 Armour
 + Level 3.2 Dodging


You had 6 spell levels left.
You didn't know any spells.
Your spell library contained the following spells:

 Spells                   Type           Power      Damage    Failure   Level
 Apportation              Tloc           0%         N/A       83%         1
 Necrotise                Necr           0%         1d4       83%         1
 Summon Small Mammal      Summ           0%         N/A       83%         1


Dungeon Overview and Level Annotations

Branches:
Dungeon (4/15)              Sewer (visited)         Ossuary (1/1)
 Temple: D:4-7

Altars:
Makhleb
Nemelex Xobeh


Innate Abilities, Weirdness & Mutations

You are completely covered in rugged brown scales. (AC +3, +7% HP)
Armour fits poorly on your strangely shaped body.
You have a long armoured tail.
You roll when moving toward enemies. (Rampage)
Your long tongue fully drains potion bottles. (2x potion effects)
Your tongue gives you trouble enunciating. (1.5x scroll delay)


Message History

You hit the mummy.
You tail-slap the mummy, but do no damage.
The mummy is severely damaged.
The mummy hits you!
You hit the mummy.
The mummy is almost destroyed.
You hit the mummy.
Your tail-slap misses the mummy.
The mummy is almost destroyed.
The mummy hits you.
You hit the mummy but do no damage.
Your tail-slap misses the mummy.
The mummy is almost destroyed.
You hit the mummy.
You destroy the mummy!
You hit the mummy. Lightning courses through the mummy!
You destroy the mummy!
You hit the mummy but do no damage. You hit the mummy.
The mummy is moderately damaged.
You hit the mummy. You tail-slap the mummy.
The mummy is lightly damaged.
You hit the mummy.
The mummy is heavily damaged.
The mummy barely misses you. x2
You barely miss the mummy.
The mummy is heavily damaged.
The mummy hits you but does no damage. The mummy closely misses you.
You barely miss the mummy.
The mummy is heavily damaged.
You hit the mummy. Lightning courses through the mummy!
You destroy the mummy!
The mummy hits you!
* * * LOW HITPOINT WARNING * * *
You hit the mummy.
Your tail-slap misses the mummy.
The mummy is heavily damaged.
The mummy hits you.
* * * LOW HITPOINT WARNING * * *
You hit the mummy.
The mummy is heavily damaged.
The mummy hits you!
You die...

...................\#
....................#
'###'###'###'#####..#
.#...#...#...#...#..#
###'##'#########.#..#
#....#....#....#.'..#
#....#....#....###..#
#....#....#....'.#..#
.....#....MM...#@#..#
.....#'....M####.M..#
...............###..#
...............#.#..#
....?!!........#.#..#
...!!$??.......'.'..#
#..?$\$/..########..#
...!!$?!.......#.#..#
....!!!........#.#..#


You could see a mummy.

Vanquished Creatures
  Pargi (Sewer)
  A black bear (D:4)
  2 centaur zombies (Ossuary)
  A human zombie (Ossuary)
  2 orc priests
  Ijyb (D:3)
  2 orc wizards (D:4)
  An iguana (D:4)
  3 ogre zombies (Ossuary)
  5 mummies (Ossuary)
  4 adders
  2 adder zombies (Ossuary)
  A dart slug (D:1)
  12 orcs
  3 endoplasms
  6 goblins
  6 hobgoblins
  7 jackals
  5 kobolds
  2 quokkas (D:3)
  10 ball pythons
  9 bats
  10 frilled lizards
  A gnoll zombie (Ossuary)
  4 goblin zombies (Ossuary)
  3 hobgoblin zombies (Ossuary)
  5 kobold zombies (Ossuary)
  2 quokka zombies (Ossuary)
  4 rats
  7 rat zombies (Ossuary)
122 creatures vanquished.

Notes
Turn   | Place    | Note
-------+----------+-------------------------------------------
     0 | D:1      | MrRokkomies the Armataur Gladiator began the quest for the
                  | Orb.
     0 | D:1      | Reached XP level 1. HP: 18/18 MP: 1/1
   186 | D:1      | Reached XP level 2. HP: 25/25 MP: 2/2
   319 | D:1      | Found a faded altar of an unknown god.
   623 | D:2      | Reached skill level 1 in Armour
   673 | D:2      | Reached XP level 3. HP: 29/32 MP: 3/3
   852 | D:2      | Found a burning altar of Makhleb.
  1057 | D:2      | Reached XP level 4. HP: 33/39 MP: 4/4
  1499 | D:3      | Noticed Ijyb
  1521 | D:3      | Killed Ijyb
  1522 | D:3      | Reached XP level 5. HP: 39/48 MP: 5/5
  1970 | D:4      | Noticed a black bear
  1975 | D:4      | Killed a black bear
  1995 | D:4      | Found a sparkling altar of Nemelex Xobeh.
  2021 | D:4      | Reached XP level 6. HP: 38/55 MP: 6/6
  2055 | D:4      | HP: 1/55 [orc/+0 flail (3)]
  2060 | D:4      | HP: 1/55 [orc/+0 flail (1)]
  2065 | D:4      | HP: 1/55 [orc/+0 flail (2)]
  2398 | D:4      | Found a glowing drain.
  2401 | D:4      | Found a sand-covered staircase.
  2405 | Sewer    | Entered a sewer
  2436 | Sewer    | Noticed Pargi
  2448 | Sewer    | Killed Pargi
  2510 | Ossuary  | Entered an ossuary
  2608 | Ossuary  | Reached XP level 7. HP: 63/63 MP: 7/7
  3000 | Ossuary  | Slain by a mummy

Illustrated notes

Levels and vault maps discovered:
D:1:      dpeg_arrival_stone_temple_mockup, layout_rooms,
          basic_ecumenical_altar, grunt_decor_resistance
D:2:      layout_loops_cross, basic_altar, minmay_vboxes
D:3:      layout_rooms, uniq_ijyb
D:4:      layout_basic, nemelex_spade_bored_becter,
          mainiacjoe_overflow_chevrons, gammafunk_temple_overflow_pools,
          enter_ossuary_3, cheibrodos_sewer_entry_drain
Ossuary:  ossuary_boxes_badplayer

Skill      XL: |  1  2  3  4  5  6 |
---------------+-------------------+-----
Fighting       | 2 3 4 |  4.7
Throwing       | 2 3 4 |  4.6
Armour         | 1 2 3 |  3.6
Dodging        | 3 |  3.2
Staves         | |  2.6

Action                   |  1- 3 |  4- 6 |  7- 9 || total
-------------------------+-------+-------+-------++-------
Melee: Quarterstaff      |   102 |    28 |       ||   130
       Tailslap          |     5 |    20 |    16 ||    41
       Short sword       |       |   159 |    93 ||   252
       Punch             |       |       |     2 ||     2
Throw: Throwing net      |       |     3 |       ||     3
  Use: Potion            |       |     6 |     1 ||     7
       Scroll            |       |     6 |       ||     6
 Stab: Held in net/web   |       |     1 |       ||     1
Armor: Leather armour    |     3 |       |       ||     3
       Plate armour      |    68 |       |       ||    68
       Ring mail         |    17 |    99 |       ||   116
       Pearl dragon scal |       |    13 |    29 ||    42
Dodge: Dodged            |    35 |   116 |    29 ||   180

Table legend: (Time is in decaauts)
 A = Elapsed time spent in this place.
 B = Non-inter-level travel time spent in this place.
 C = Inter-level travel time spent in this place.
 D = Time resting spent in this place.
 E = Time spent auto-exploring this place.
 F = Levels seen in this place.
 G = Mean time per level.
                   A        B        C        D        E       F      G
               +--------+--------+--------+--------+--------+-----+--------+
         Total |   3036 |   2910 |    126 |    484 |   1285 |   6 |  506.0 |
       Dungeon |   2444 |   2318 |    126 |    375 |   1228 |   4 |  611.0 |
         Sewer |    102 |    102 |      0 |      0 |     16 |   1 |  102.0 |
       Ossuary |    489 |    489 |      0 |    109 |     41 |   1 |  489.0 |
               +--------+--------+--------+--------+--------+-----+--------+

Top non-repeatable levels by time:
     D:2: 905 daAuts
     D:3: 743 daAuts
     D:1: 511 daAuts
 Ossuary: 489 daAuts
     D:4: 283 daAuts
   Sewer: 102 daAuts
